 Dungeon Crawl Stone Soup version 0.25-a0-366-g516bc45ae0 (webtiles) character file.

Game seed: 7069164317435793722, levelgen mode: deterministic

104428 familyguyfunny the Bludgeoner (level 16, -7/97 HPs)
             Began as a Gargoyle Fighter on Jan 6, 2020.
             Was a High Priest of Trog.
             Blown up by an orb spider (46 damage)
             ... with an orb of destruction
             ... on level 1 of the Spider Nest.
             The game lasted 00:58:22 (30651 turns).

familyguyfunny the Bludgeoner (Gargoyle Fighter)   Turns: 30651, Time: 00:58:22

Health: -7/97      AC: 30    Str: 34    XL:     16   Next: 38%
Magic:  16/16      EV:  9    Int: 13    God:    Trog [*****.]
Gold:   1474       SH: 16    Dex: 13    Spells: 15/15 levels left

rFire    + . .     SeeInvis +   Y - +9 morningstar of the Boar {crush, +Inv rElec rN+++ Int-2}
rCold    . . .     Gourm    .   c - +0 shield
rNeg     + + +     Faith    .   E - +3 chain mail of Suxa {rElec rPois}
rPois    ∞         Spirit   .   T - +0 helmet {SInv}
rElec    +         Reflect  .   K - +0 cloak
rCorr    .         Harm     .   A - +2 pair of gloves {Str+3}
MR       ++...                  R - +0 pair of boots
Stlth    ..........             J - amulet "Dyaci" {+Rage rElec Str+2 Dex+4}
HPRegen  0.26/turn              w - ring "Ymuop" {rF+ MR+ Str-2 Int+4 SInv}
MPRegen  0.15/turn              X - +6 ring of strength

@: no status effects
A: big wings, negative energy resistance 1, electricity resistance, unbreathing,
petrification resistance, rot immunity, AC +12
a: Fly, Berserk, Trog's Hand, Brothers in Arms, Renounce Religion, Evoke Berserk
Rage, Evoke Invisibility


You were on level 1 of the Spider Nest.
You worshipped Trog.
Trog was extremely pleased with you.
You were not hungry.

You visited 5 branches of the dungeon, and saw 25 of its levels.

You collected 2321 gold pieces.
You spent 847 gold pieces at shops.

Inventory:

Hand Weapons
 m - a +3 demon whip
 I - the +2 flail of Extermination {crush, rC+++ MR- MP-9 Str+10}
   (Trog gifted it to you on level 13 of the Dungeon)

   It inflicts extra damage upon your enemies.
   It affects your strength (+10).
   It renders you almost immune to cold.
   It affects your resistance to hostile enchantments.
   It affects your magic capacity (-9).
 Y - the +9 morningstar of the Boar (weapon) {crush, +Inv rElec rN+++ Int-2}
   (Trog gifted it to you on level 2 of the Orcish Mines)

   It inflicts extra damage upon your enemies.
   It affects your intelligence (-2).
   It insulates you from electricity.
   It renders you almost immune to negative energy.
   It lets you turn invisible.
Armour
 c - a +0 shield (worn)
 A - a +2 pair of gloves of strength (worn)
 E - the +3 chain mail of Suxa (worn) {rElec rPois}
   (You found it on level 10 of the Dungeon)

   It insulates you from electricity.
   It protects you from poison.
 F - a +1 helmet
 K - a +0 cloak (worn)
 Q - a +2 troll leather armour {Snorg}
 R - a +0 pair of boots (worn)
 T - a +0 helmet of see invisible (worn)
 Z - a scarf of cloud immunity
Jewellery
 w - the ring "Ymuop" (left hand) {rF+ MR+ Str-2 Int+4 SInv}
   (You bought it in a shop on level 7 of the Dungeon)

   [ring of protection from fire]

   It affects your strength (-2).
   It affects your intelligence (+4).
   It protects you from fire.
   It affects your resistance to hostile enchantments.
   It lets you see invisible.
 J - the amulet "Dyaci" (around neck) {+Rage rElec Str+2 Dex+4}
   (You found it on level 9 of the Dungeon)

   [amulet of rage]

   It affects your strength (+2).
   It affects your dexterity (+4).
   It insulates you from electricity.
   It lets you go berserk.
 X - a +6 ring of strength (right hand)
Wands
 a - a wand of enslavement (6)
 b - a wand of clouds (14)
 e - a wand of iceblast (6)
 s - a wand of flame (45)
 B - a wand of polymorph (13)
 H - a wand of random effects (33)
 L - a wand of paralysis (20)
 S - a wand of acid (27)
 U - a wand of disintegration (14)
Scrolls
 h - 2 scrolls of fog
 i - 6 scrolls of amnesia
 j - 4 scrolls of fear
 k - 2 scrolls of noise
 n - 6 scrolls of enchant weapon
 o - 4 scrolls of identify
 x - 6 scrolls of magic mapping
 y - 7 scrolls of remove curse
 C - 4 scrolls of teleportation
 D - a scroll of vulnerability
 M - a scroll of holy word
 P - a scroll of summoning {unknown}
 V - 2 scrolls of enchant armour
Potions
 d - 6 potions of might
 g - 3 potions of magic
 l - 5 potions of curing
 p - 2 potions of degeneration
 q - 4 potions of haste
 r - 2 potions of resistance
 t - 7 potions of mutation
 u - 4 potions of cancellation
 v - 8 potions of brilliance
 z - a potion of agility
 G - a potion of ambrosia
 N - 3 potions of flight {unknown}
 O - 3 potions of lignification {unknown}
 W - 2 potions of berserk rage {unknown}
Comestibles
 f - 18 rations


   Skills:
 * Level 10.0 Fighting
 - Level 20.7 Maces & Flails
 - Level 3.3 Armour
 - Level 16.9 Shields


You had 15 spell levels left.
You didn't know any spells.
Your spell library was empty.

Dungeon Overview and Level Annotations

Branches:
Dungeon (15/15)            Temple (1/1) D:4            Lair (6/6) D:10
 Shoals (0/4) Lair:3       Spider (1/4) Lair:3        Slime (0/5) Lair:5
    Orc (2/2) D:11            Elf (0/3) Orc:2        Vaults (0/5) D:13
 Depths (0/5) D:15

Altars:
Ashenzari
Cheibriados
Dithmenos
Elyvilon
Fedhas
Gozag
Hepliaklqana
Kikubaaqudgha
Makhleb
Nemelex Xobeh
Okawaru
Qazlal
Ru
Sif Muna
Trog
Uskayaw
Vehumet
Wu Jian
Xom
Yredelemnul
Zin
The Shining One
Beogh

Shops:
D:5 (   D:7 [}=:   D:11 *   Orc:1 !   Orc:2 }*}([[[=

Annotations:
D:10 exclusion: oklob plant
Lair:5 3 runed translucent doors, Teoryapn's ghost, journeyman DsFE
Spider:1 Zaguo's ghost, adept MfTm


Innate Abilities, Weirdness & Mutations

You are resistant to torment.
Your stone body is resilient. (AC +12)
You are immune to poison.
Your large and strong wings let you fly indefinitely.
You resist negative energy. (rN+)
You are resistant to electric shocks. (rElec)
You can survive without breathing.
You are immune to petrification.
You are immune to rotting.


Message History

Trog accepts your kill.
Your Fighting skill increases to level 10!
The orb spider pulsates with a strange energy.
The jumping spider leaps!
You bludgeon the wolf spider!!
You kill the wolf spider!
Trog accepts your kill.
The orb of destruction hits the jumping spider!!
The jumping spider is blown up!
You hear a loud "Zot"!
You hear a loud "Zot"!
There are monsters nearby!
The orb spider pulsates with a strange energy.
You hear a loud "Zot"!
You hear a loud "Zot"! x3
The orb spider weaves a glowing orb of energy. x2 2 orbs of destruction come into view.
The orb of destruction hits you!!
You closely miss Zaguo's ghost. The orb of destruction hits you!!!
You die...

###########
#♣.))?[?...♣#
#.#.#.#.#.#.#
#^.^.^.^.^.^#
#.^.#.#.#.^.#
♣.^%^s^.^.♣#
######☼s'######
#....☼○†s.^...#
#^.^.@W..^.^.^#
#...^..%^.....##
#^...^.^...^.^.###
######.##........###
#.............##
######.........##
#...#.....##.
##..#.......#
###...#.......


You could see 3 orb spiders and Zaguo's ghost.

Vanquished Creatures
  Rupert (Spider:1)
  Nessos (D:12)
  Snorg (D:10)
  Erolcha (D:10)
  8 hydras
  3 centaur warriors
  2 death knights (D:15)
  2 catoblepae (Lair:6)
  4 two-headed ogres
  A deep troll shaman (Lair:6)
  A tengu warrior (D:14)
  Urug (D:10)
  9 death yaks
  5 orc high priests (Orc:2)
  A deep elf knight (D:14)
  A deep troll (D:13)
  An unseen horror (D:15)
  A wizard (D:15)
  2 necromancers
  2 orb spiders (Spider:1)
  9 cyclopes
  5 orc knights
  4 wolf spiders (Spider:1)
  4 deep elf magi
  4 manticores
  2 orc sorcerers
  11 ugly things
  7 elephants (Lair:6)
  Joseph (D:10)
  6 black mambas
  A gargoyle (D:11)
  4 spiny frogs
  2 rime drakes
  A kobold demonologist (D:10)
  A yaktaur (shapeshifter) (D:13)
  5 demonic crawlers (Spider:1)
  An efreet (D:15)
  6 komodo dragons
  2 freezing wraiths (D:15)
  2 ice devils (Lair:1)
  5 jumping spiders
  2 hornets
  8 trolls
  3 polar bears
  5 blink frogs (Lair:6)
  14 hippogriffs
  2 slime creatures
  11 dream sheep (Lair:6)
  A centaur simulacrum (D:15)
  2 shadows
  5 tarantellas (Spider:1)
  6 wyverns
  2 vampires
  12 redbacks (Spider:1)
  5 water elementals (D:15)
  47 yaks
  Grum (D:8)
  3 wraiths
  3 basilisks
  A hungry ghost (D:13)
  Menkaure (D:6)
  9 vampire mosquitoes
  4 acid dragons
  6 wargs
  A soldier ant (D:12)
  Duvessa (D:5)
  7 porcupines
  17 water moccasins
  A hornet zombie (D:15)
  28 orc warriors
  3 black bears
  7 ice beasts
  3 sky beasts
  A necrophage (D:10)
  8 ogres
  5 phantoms
  12 wolves
  An eye of draining (D:15)
  12 centaurs
  14 crocodiles
  15 big kobolds
  19 bullfrogs
  A wyvern zombie (D:14)
  Dowan (D:5)
  A wyvern skeleton (D:14)
  4 scorpions
  21 killer bees
  8 wights
  2 electric eels
  3 howler monkeys
  2 bullfrog zombies
  7 centaur zombies
  8 crimson imps
  6 hounds
  A quasit (D:6)
  A jelly (D:11)
  36 orc priests
  Crazy Yiuf (D:2)
  29 orc wizards
  3 bullfrog skeletons
  8 centaur skeletons
  Jessica (D:2)
  Terence (D:2)
  2 hell rats (Lair:3)
  3 iguanas
  2 polar bear simulacra (Lair:4)
  9 worker ants
  2 wolf simulacra (Lair:4)
  4 yak simulacra (Lair:4)
  Robin (D:2)
  2 worker ant zombies
  3 gnolls (D:3)
  9 river rats (Lair:3)
  18 adders
  3 shadow imps
  An ooze (D:2)
  2 adder skeletons (D:4)
  2 adder zombies
  2 worms (D:2)
  4 dart slugs
  6 leopard geckos
  107 orcs
  7 giant cockroaches
  19 goblins
  8 hobgoblins
  17 jackals
  34 kobolds
  6 quokkas
  3 bats
  7 frilled lizards
  A jackal skeleton (D:4)
  A quokka zombie (D:9)
  11 rats
  3 river rat simulacra (Lair:4)
883 creatures vanquished.

Vanquished Creatures (collateral kills)
  2 orc knights (Orc:2)
  An orc warrior (Orc:2)
3 creatures vanquished.

Vanquished Creatures (others)
  2 jumping spiders (Spider:1)
  A tarantella (Spider:1)
  11 fungi
  2 plants
16 creatures vanquished.

Grand Total: 902 creatures vanquished

Notes
Turn   | Place    | Note
-------+----------+-------------------------------------------
     0 | D:1      | familyguyfunny the Gargoyle Fighter began the quest for the
                  | Orb.
     0 | D:1      | Reached XP level 1. HP: 14/14 MP: 1/1
   176 | D:1      | Reached XP level 2. HP: 16/19 MP: 2/2
   287 | D:1      | Reached XP level 3. HP: 23/23 MP: 3/3
   453 | D:1      | Reached skill level 3 in Maces & Flails
   879 | D:2      | Noticed Jessica
   896 | D:2      | Killed Jessica
   896 | D:2      | Reached XP level 4. HP: 22/28 MP: 4/4
  1008 | D:2      | Noticed Robin
  1028 | D:2      | Killed Robin
  1028 | D:2      | Reached skill level 4 in Maces & Flails
  1222 | D:2      | Found a sparkling altar of Nemelex Xobeh.
  1252 | D:2      | Reached XP level 5. HP: 28/32 MP: 5/5
  1468 | D:2      | Noticed Terence
  1485 | D:2      | Killed Terence
  1528 | D:2      | Found a runed translucent door.
  1529 | D:2      | Noticed Crazy Yiuf
  1570 | D:2      | Killed Crazy Yiuf
  1678 | D:3      | Reached skill level 5 in Maces & Flails
  1678 | D:3      | Reached XP level 6. HP: 35/37 MP: 6/6
  1893 | D:3      | Reached skill level 5 in Shields
  2008 | D:3      | Found a shimmering blue altar of Sif Muna.
  2795 | D:4      | Found a staircase to the Ecumenical Temple.
  2816 | Temple   | Entered the Ecumenical Temple
  2884 | Temple   | Became a worshipper of Trog the Wrathful
  3035 | D:4      | Reached skill level 6 in Maces & Flails
  3035 | D:4      | Reached XP level 7. HP: 40/41 MP: 7/7
  3906 | D:5      | Entered Level 5 of the Dungeon
  3968 | D:5      | Found an iron altar of Okawaru.
  4161 | D:5      | Found Vobegg's Antique Weapon Shop.
  4236 | D:5      | Noticed Dowan
  4238 | D:5      | Noticed Duvessa
  4289 | D:5      | Killed Duvessa
  4289 | D:5      | Reached skill level 7 in Maces & Flails
  4306 | D:5      | Killed Dowan
  5043 | D:6      | Reached XP level 8. HP: 32/46 MP: 8/8
  5077 | D:6      | Reached * piety under Trog
  5198 | D:6      | Found a hazy altar of Hepliaklqana.
  5270 | D:6      | Reached skill level 8 in Maces & Flails
  5463 | D:6      | Noticed Menkaure
  5471 | D:6      | Killed Menkaure
  5833 | D:6      | Reached skill level 9 in Maces & Flails
  5990 | D:5      | Bought a glowing morningstar for 203 gold pieces
  6172 | D:6      | Found a hide-covered altar of Uskayaw.
  6223 | D:6      | Reached XP level 9. HP: 41/51 MP: 9/9
  6561 | D:7      | Found Osyj's Jewellery Boutique.
  6564 | D:7      | Found Qoezxuew's Gadget Boutique.
  6815 | D:7      | Found Rohuuf's Book Shoppe.
  6924 | D:7      | Reached ** piety under Trog
  7026 | D:7      | Found Arugylop's Antique Armour Emporium.
  7070 | D:7      | Reached skill level 10 in Maces & Flails
  7176 | D:7      | Found a shattered altar of Ashenzari.
  7470 | D:8      | Noticed Grum
  7732 | D:8      | Killed Grum
  7749 | D:9      | Reached skill level 11 in Maces & Flails
  8040 | D:8      | Reached XP level 10. HP: 56/56 MP: 10/10
  8094 | D:8      | Noticed a two-headed ogre
  8101 | D:8      | Killed a two-headed ogre
  8191 | D:8      | Reached *** piety under Trog
  8367 | D:8      | Reached skill level 12 in Maces & Flails
  8396 | D:8      | Reached skill level 10 in Shields
  8545 | D:8      | Found a shadowy altar of Dithmenos.
  8815 | D:9      | Got a coiled tin amulet
  8817 | D:9      | Identified the amulet "Dyaci" {+Rage rElec Str+2 Dex+4}
                  | (You found it on level 9 of the Dungeon)
  9208 | D:9      | Reached **** piety under Trog
  9416 | D:9      | Found an ornate altar of the Wu Jian Council.
  9759 | D:10     | Entered Level 10 of the Dungeon
  9759 | D:10     | Noticed Joseph
  9771 | D:10     | Killed Joseph
  9921 | D:10     | Found a staircase to the Lair.
  9946 | D:10     | Reached skill level 13 in Maces & Flails
  9953 | D:10     | Reached XP level 11. HP: 52/60 MP: 11/11
 10308 | D:10     | Noticed a sun demon
 10461 | D:10     | Noticed an oklob plant
 10495 | D:10     | Noticed Erolcha
 10511 | D:10     | Killed Erolcha
 10597 | D:10     | Noticed Snorg
 10599 | D:10     | Noticed Urug
 10609 | D:10     | Killed Snorg
 10609 | D:10     | Reached ***** piety under Trog
 10609 | D:10     | Received a gift from Trog
 10609 | D:10     | Reached skill level 14 in Maces & Flails
 10619 | D:10     | Killed Urug
 11073 | D:10     | Got a slimy chain mail
 11084 | D:10     | Identified the +3 chain mail of Suxa {rElec rPois} (You
                  | found it on level 10 of the Dungeon)
 11457 | D:11     | Found a staircase to the Orcish Mines.
 11736 | D:11     | Noticed a two-headed ogre
 11744 | D:11     | Killed a two-headed ogre
 11834 | D:11     | Noticed a purple ugly thing
 11839 | D:11     | Reached XP level 12. HP: 53/64 MP: 12/12
 11880 | D:11     | Reached skill level 15 in Maces & Flails
 12163 | D:11     | Found Umistrot's General Store.
 12364 | D:11     | Found a roughly hewn altar of Beogh.
 12854 | Lair:1   | Entered Level 1 of the Lair of Beasts
 12999 | Lair:1   | Received a gift from Trog
 13515 | Lair:1   | Found a frozen archway.
 13751 | Lair:2   | Noticed a seven-headed hydra
 13773 | Lair:2   | Killed a seven-headed hydra
 13773 | Lair:2   | Reached skill level 16 in Maces & Flails
 14825 | Lair:3   | Noticed a four-headed hydra
 14844 | Lair:2   | Killed a four-headed hydra
 14991 | Lair:3   | Reached XP level 13. HP: 67/69 MP: 13/13
 15020 | Lair:3   | Found a staircase to the Shoals.
 15520 | Lair:3   | Reached skill level 17 in Maces & Flails
 15529 | Lair:3   | Received a gift from Trog
 15772 | Lair:3   | Found a hole to the Spider Nest.
 17574 | Lair:5   | Found a staircase to the Slime Pits.
 17688 | Lair:5   | Reached skill level 18 in Maces & Flails
 17905 | Lair:5   | Noticed Teoryapn's ghost (journeyman DsFE)
 18021 | Lair:5   | You fall into a shaft and drop 1 floor!
 18021 | Lair:6   | Entered Level 6 of the Lair of Beasts
 18108 | Lair:5   | Received a gift from Trog
 18127 | Lair:5   | Gained mutation: Your large and strong wings let you fly
                  | indefinitely. [Gargoyle growth]
 18127 | Lair:5   | Reached XP level 14. HP: 74/74 MP: 14/14
 18136 | Lair:5   | Found a runed translucent gate.
 18137 | Lair:5   | Found a runed translucent gate.
 18142 | Lair:5   | Found a runed translucent gate.
 19016 | Lair:6   | Reached skill level 15 in Shields
 19707 | Lair:6   | Received a gift from Trog
 19856 | Lair:6   | Reached skill level 19 in Maces & Flails
 20568 | Orc:1    | Entered Level 1 of the Orcish Mines
 20568 | Orc:1    | Found Titiklam's Distillery.
 20917 | Orc:1    | Found a burning altar of Makhleb.
 21154 | Orc:2    | Entered Level 2 of the Orcish Mines
 21155 | Orc:2    | Found Fory's Antique Armour Boutique.
 21320 | Orc:2    | Received a gift from Trog
 21469 | Orc:2    | Got a twisted morningstar {god gift}
 21470 | Orc:2    | Identified the +9 morningstar of the Boar {crush, +Inv
                  | rElec rN+++ Int-2} (Trog gifted it to you on level 2 of the
                  | Orcish Mines)
 21487 | Orc:2    | Found Alayge's Armour Boutique.
 21597 | Orc:2    | Found Fuyzemn's Armour Boutique.
 21678 | Orc:2    | Found Suczur's Jewellery Shop.
 21705 | Orc:2    | Found a staircase to the Elven Halls.
 22860 | Orc:2    | Reached XP level 15. HP: 59/78 MP: 15/15
 22955 | Orc:2    | Found Osailliw's Gadget Emporium.
 22955 | Orc:2    | Found Faculuagg's Weapon Emporium.
 22956 | Orc:2    | Found Fokhig's Gadget Emporium.
 22956 | Orc:2    | Found Lykoun's General Store.
 22973 | Orc:2    | Identified a scroll of acquirement
 23011 | Orc:2    | Got a pair of slimy gloves
 23027 | Orc:2    | Identified the +0 pair of gloves "Untourag" {*Corrode +Inv
                  | Stlth+} (You acquired it on level 2 of the Orcish Mines)
 23470 | D:7      | Bought the ring "Ymuop" {rF+ MR+ Str-2 Int+4 SInv} for 644
                  | gold pieces
 23819 | D:12     | Received a gift from Trog
 23935 | D:12     | Noticed Nessos
 24066 | D:12     | Killed Nessos
 24516 | D:12     | Reached skill level 20 in Maces & Flails
 24810 | D:13     | Found a gate leading to a gauntlet.
 25232 | D:13     | Received a gift from Trog
 25237 | D:13     | Got a scorched flail {god gift}
 25238 | D:13     | Identified the +2 flail of Extermination {crush, rC+++ MR-
                  | MP-9 Str+10} (Trog gifted it to you on level 13 of the
                  | Dungeon)
 25672 | D:13     | Found a gate to the Vaults.
 26963 | D:15     | Entered Level 15 of the Dungeon
 26982 | D:14     | Received a gift from Trog
 27875 | D:15     | Reached skill level 5 in Fighting
 28303 | D:15     | Reached XP level 16. HP: 57/88 MP: 16/16
 29133 | D:15     | Found a staircase to the Depths.
 29312 | D:15     | Found a blossoming altar of Fedhas.
 29875 | Spider:1 | Entered Level 1 of the Spider Nest
 30040 | Spider:1 | Received a gift from Trog
 30464 | Spider:1 | Noticed Rupert
 30482 | Spider:1 | Killed Rupert
 30621 | Spider:1 | Found a runed translucent gate.
 30621 | Spider:1 | Found a runed translucent gate.
 30621 | Spider:1 | Found a runed translucent gate.
 30626 | Spider:1 | Noticed Zaguo's ghost (adept MfTm)
 30643 | Spider:1 | Reached skill level 10 in Fighting
 30651 | Spider:1 | Blown up by an orb spider

Levels and vault maps discovered:
D:1:      minmay_arrival_open_corners, layout_basic
D:2:      layout_rooms, nemelex_xobeh_ov_fountains_minmay,
          uniq_crazy_yiuf_cottage, uniq_robin, uniq_jessica, uniq_terence
D:3:      layout_loops_ring, lemuel_doored_altar, first_ration
D:4:      layout_rooms, minmay_temple_entry_junction_2, serial_co_window_serial,
          co_window_paths_b, co_window_paths_a, co_window_paths_a,
          co_window_paths_b, co_window_corner_a, co_window_cross_1,
          co_window_2corner, co_window_broadway_b, co_window_unsneaky_path_c,
          co_window_4corner_b, co_window_paths_e, kennysheep_generic_room_15
D:5:      layout_basic, kennysheep_okawaru_gauntlet, serial_shops, shop,
          serial_rivers, chequers_serial_rivers_micro_c,
          chequers_serial_rivers_room_b, chequers_serial_rivers_room_a,
          chequers_serial_rivers_marsh, chequers_serial_rivers_small_b,
          amethyst_killhole, uniq_duvessa
D:6:      layout_basic, kennysheep_mini_moat, lemuel_crystal_altar,
          uniq_menkaure
D:7:      layout_loops_corners, serial_shops, shop, shop_statue, shop, shop,
          basic_altar
D:8:      layout_cave_pools, grunt_pizzeria, grunt_dithmenos_smoke, uniq_grum
D:9:      layout_stronghold, lemuel_crystal_altar
D:10:     layout_roguey [special_room_kobold], erik_lair_orcish_takeover,
          minmay_misc_feat_columns, st_stairs_14, lemuel_oklob_altar,
          uniq_snorg, uniq_joseph, uniq_urug, uniq_erolcha
D:11:     layout_rooms, minmay_orc_entry_temple_small, serial_shops,
          shop_fountains, minmay_orc_keep
D:12:     layout_cave_pools, serial_bayou_crossing, uniq_nessos
D:13:     layout_cave_pods, david_vaults_4, gauntlet_entry_generic,
          serial_glass, glass_columns_a, glass_columns_a, feat_on_display,
          nrook_mini_vaults
D:14:     layout_basic, serial_park_tiny_pond
D:15:     grunt_enter_depths_magical_seal, layout_basic, minmay_hedge_maze,
          chequers_avenue, minmay_misc_feat_rows, drop_trap,
          fedhas_altar_fruit_tree
Temple:   nicolae_temple_x_marks_the_god
Lair:1:   layout_loops_ring, portal_ice_cave_demonic_guard, grunt_megastairs_3
Lair:2:   layout_chaotic_city, grunt_megastairs_4
Lair:3:   layout_hall_layers, minmay_shoals_entry_beasts,
          spider_nest_entry_rubble, kennysheep_rathole,
          infiniplex_staircase_pool
Lair:4:   layout_regular_city, eino_house_with_fridge
Lair:5:   layout_misc_corridors, dpeg_slime_entry_corner, gammafunk_ghost_icy
Lair:6:   grunt_lair_end_beastmaster, layout_long_grid, lookout_lair_type
Spider:1: layout_spider_delve, gammafunk_ghost_tricky_traps,
          hangedman_spider_tarantella_strand, uniq_rupert
Orc:1:    layout_diamond_mine, serial_shops, shop, basic_altar
Orc:2:    st_orc_pillars, layout_caves, serial_shops, nicolae_shop_behind_doors,
          nicolae_shop_behind_doors, shop, nicolae_shop_stone

Skill      XL: |  1  2  3  4  5  6  7  8  9 10 11 12 13 14 15 16 |
---------------+-------------------------------------------------+-----
Maces & Flails | 3 4 5 6 7 9 11 13 14 16 18 19 20 | 20.7
Shields        | 4 5 6 7 9 10 12 13 14 15 16 | 16.9
Fighting       | 5 10 | 10.0
Armour         | |  3.3

Action                   |  1- 3 |  4- 6 |  7- 9 | 10-12 | 13-15 | 16-18 || total
-------------------------+-------+-------+-------+-------+-------+-------++-------
Melee: Flail             |   157 |    71 |       |       |       |       ||   228
       Mace              |       |   112 |   218 |       |       |       ||   330
       Morningstar       |       |       |   156 |   632 |   718 |   187 ||  1693
       Eveningstar       |       |       |       |   139 |   659 |       ||   798
Invok: Berserk           |       |       |     1 |     4 |     8 |       ||    13
       Trog's Hand       |       |       |       |     1 |     1 |       ||     2
       Brothers in Arms  |       |       |       |       |     2 |       ||     2
  Use: Potion            |       |       |     2 |       |     6 |       ||     8
       Scroll            |       |       |     1 |    17 |    16 |       ||    34
  Eat: Chunk             |       |     5 |     6 |    11 |    10 |     1 ||    33
       Ration            |       |     1 |     3 |     6 |    11 |     3 ||    24
Armor: Scale mail        |   112 |    87 |   186 |   158 |       |       ||   543
       Chain mail        |       |       |       |   132 |   538 |    89 ||   759
Dodge: Dodged            |    59 |    81 |   206 |   384 |   334 |    38 ||  1102
Block: Shield            |   107 |   122 |   259 |   543 |   927 |   126 ||  2084

Table legend:
 A = Non-vault XP
 B = Vault XP
 C = Vault XP percentage of total XP
 D = Non-vault monster count
 E = Vault monster count
 F = Vault count percentage of total count
                 A         B        C        D         E       F
            +---------+---------+-------+---------+---------+-------
      Total |  108530 |   40654 |  27.3 |     689 |     197 |  22.2
            +---------+---------+-------+---------+---------+-------
        D:1 |      51 |       0 |   0.0 |      30 |       0 |   0.0
        D:2 |      67 |     149 |  69.0 |      20 |      15 |  42.9
        D:3 |     259 |       0 |   0.0 |      33 |       0 |   0.0
        D:4 |     126 |      34 |  21.2 |      11 |       1 |   8.3
        D:5 |     257 |     229 |  47.1 |       7 |       2 |  22.2
        D:6 |     912 |     165 |  15.3 |      33 |       1 |   2.9
        D:7 |    1099 |     235 |  17.6 |      23 |       2 |   8.0
        D:8 |    2452 |     447 |  15.4 |      41 |       3 |   6.8
        D:9 |    1422 |       0 |   0.0 |      21 |       0 |   0.0
       D:10 |    2078 |    5373 |  72.1 |      31 |      27 |  46.6
       D:11 |    5734 |     529 |   8.4 |      43 |      17 |  28.3
       D:12 |    5704 |    1260 |  18.1 |      36 |       1 |   2.7
       D:13 |    9440 |    2019 |  17.6 |      47 |       3 |   6.0
       D:14 |   13837 |       0 |   0.0 |      41 |       0 |   0.0
       D:15 |   10393 |    4265 |  29.1 |      34 |       9 |  20.9
     Lair:1 |    1607 |    1519 |  48.6 |      12 |       7 |  36.8
     Lair:2 |    5939 |     806 |  11.9 |      22 |       2 |   8.3
     Lair:3 |    5718 |    1285 |  18.3 |      25 |      15 |  37.5
     Lair:4 |    4432 |     876 |  16.5 |      17 |      12 |  41.4
     Lair:5 |   12956 |       0 |   0.0 |      38 |       0 |   0.0
     Lair:6 |   12336 |    7218 |  36.9 |      45 |      13 |  22.4
   Spider:1 |    8216 |    4543 |  35.6 |      28 |       5 |  15.2
      Orc:1 |    1635 |       0 |   0.0 |      28 |       0 |   0.0
      Orc:2 |    1860 |    9702 |  83.9 |      23 |      62 |  72.9
            +---------+---------+-------+---------+---------+-------
